 Dungeon Sprint DCSS version 0.21.1-1-g345015f (webtiles) character file.

2221 wilfster70 the Spear-Bearer (level 9, -7/74 HPs)
             Began as a Gnoll Wanderer on May 18, 2018.
             Was the Champion of Makhleb.
             Killed by divine providence
             ... invoked by a mummy priest
              (13 damage)
             ... in the Dungeon (Sprint V: "Ziggurat Sprint").
             The game lasted 00:09:13 (660 turns).

wilfster70 the Spear-Bearer (Gnoll Wanderer)         Turns: 660, Time: 00:09:14

Health: -7/74      AC: 24    Str: 33    XL:     9   Next: 35%
Magic:  20/20      EV:  8    Int: 15    God:    Makhleb [******]
Gold:   0          SH: 22    Dex: 16    Spells: 21/23 levels left

rFire    + + .     SeeInvis .   v - +8 lance "Wyrmbane" {slay drac, rPois rF+ rC+ AC+3}
rCold    + + .     Gourm    .   w - +3 large shield
rNeg     . . .     Faith    .   x - +5 gold dragon scales
rPois    +         Spirit   .   (no helmet)
rElec    .         Reflect  .   (no cloak)
rCorr    .         Harm     .   (no gloves)
MR       .....     NoTele   +   (no boots)
Stlth    ..........             d - amulet of regeneration
HPRegen  0.62/turn              t - +6 ring of strength
MPRegen  0.17/turn              s - +6 ring of strength

@: mighty
A: distributed training, fangs 1, strong nose
a: Minor Destruction, Lesser Servant of Makhleb, Major Destruction, Greater
Servant of Makhleb, Renounce Religion


You were in the Dungeon.
You worshipped Makhleb.
Makhleb was exalted by your worship.
You were not hungry.

You visited 1 branch

Inventory:

Hand Weapons
 u - the +7 great mace "Firestarter" {inner flame, rF++}
   (You found it in the Dungeon)

   It has been specially enchanted to burn those struck by it, causing extra
   injury to most foes and up to half again as much damage against particularly
   susceptible opponents.
   It greatly protects you from fire.
 v - the +8 lance "Wyrmbane" (weapon) {slay drac, rPois rF+ rC+ AC+3}
   (You found it in the Dungeon)

   It affects your AC (+3).
   It protects you from fire.
   It protects you from cold.
   It protects you from poison.
Armour
 w - a +3 large shield (worn)
 x - +5 gold dragon scales (worn)
Jewellery
 d - an amulet of regeneration (around neck)
 o - a +6 ring of dexterity
 s - a +6 ring of strength (right hand)
 t - a +6 ring of strength (left hand)
 G - the ring of Compulsion {rN+ Str+4 Int-3 Dex+4 Stlth+}
   (You found it in the Dungeon)

   [ring of positive energy]

   It affects your strength (+4).
   It affects your intelligence (-3).
   It affects your dexterity (+4).
   It protects you from negative energy.
   It makes you more stealthy.
 H - the amulet "Jaqon" {Harm *Drain rPois rC++ Int-3}
   (You found it in the Dungeon)

   [amulet of harm]

   It increases damage dealt and taken.
   It affects your intelligence (-3).
   It greatly protects you from cold.
   It protects you from poison.
   It causes draining when unequipped.
 I - an uncursed ring of stealth
 J - the ring "Miuq" {MP+9 Int+5}
   (You found it in the Dungeon)

   [ring of magical power]

   It affects your intelligence (+5).
   It affects your magic capacity (+9).
Wands
 l - a wand of disintegration (7)
 m - a wand of iceblast (7)
 n - a wand of acid (7)
Scrolls
 a - 4 scrolls of amnesia
 b - 7 scrolls of fog
 k - 4 scrolls of blinking
 p - 2 scrolls of holy word
 q - 5 scrolls of identify
 r - 5 scrolls of remove curse
 y - 2 scrolls of fear
Potions
 c - a potion of lignification
 e - 10 potions of curing
 g - 8 potions of heal wounds
 h - 6 potions of haste
 i - 7 potions of magic
 j - 3 potions of berserk rage
 z - 2 potions of brilliance
 A - 2 potions of invisibility
 B - 4 potions of resistance
 D - 5 potions of agility
 E - 5 potions of might
Books
 F - a book of Burglary

   Spells                             Type                      Level
   a - Swiftness                      Charms/Air                   2
   b - Passwall                       Transmutation/Earth          2
   c - Passage of Golubria            Translocation                4
   d - Lee's Rapid Deconstruction     Earth                        5
   e - Darkness                       Hexes                        6
   f - Invisibility                   Hexes                        6
Comestibles
 f - 7 rations
 C - 3 chunks of flesh


   Skills:
 + Level 8.0 Fighting
 + Level 7.5 Short Blades
 + Level 7.5 Long Blades
 + Level 7.5 Axes
 + Level 7.5 Maces & Flails
 + Level 10.0 Polearms
 + Level 7.5 Staves
 + Level 7.5 Slings
 + Level 7.5 Bows
 + Level 7.5 Crossbows
 + Level 7.5 Throwing
 + Level 7.5 Armour
 + Level 8.9 Dodging
 + Level 9.6 Stealth
 + Level 8.0 Shields
 + Level 7.5 Unarmed Combat
 + Level 7.5 Spellcasting
 + Level 6.2 Conjurations
 + Level 6.2 Hexes
 + Level 6.2 Charms
 + Level 6.2 Summonings
 + Level 6.2 Necromancy
 + Level 6.2 Translocations
 + Level 6.2 Transmutations
 + Level 6.2 Fire Magic
 + Level 6.2 Ice Magic
 + Level 6.2 Air Magic
 + Level 6.2 Earth Magic
 + Level 6.2 Poison Magic
 + Level 8.2 Invocations
 + Level 7.5 Evocations


You had 21 spell levels left.
You knew the following spells:

 Your Spells              Type           Power        Failure   Level  Hunger
a - Swiftness             Chrm/Air       ###.....     97%         2    None


Dungeon Overview and Level Annotations

Branches:
Dungeon (1/1)

Altars:
Ashenzari
Cheibriados
Dithmenos
Elyvilon
Fedhas
Gozag
Hepliaklqana
Kikubaaqudgha
Makhleb
Nemelex Xobeh
Okawaru
Qazlal
Ru
Sif Muna
Trog
Uskayaw
Vehumet
Wu Jian
Xom
Yredelemnul
Zin
The Shining One
Beogh
Jiyva
Lugonu

Annotations:
D 1 transporter


Innate Abilities, Weirdness & Mutations

Your experience applies equally to all skills.
You have very sharp teeth.
Your uncanny sense of smell can sniff out nearby items.


Message History

You block the mummy priest's attack.
The greater mummy mumbles some strange words.
The flayed ghost closely misses you.
The guardian mummy hits you but does no damage.
You impale the flayed ghost!! Your bite misses the flayed ghost.
The flayed ghost is almost destroyed.
You block the flying skull's attack. x2; You block the greater mummy's attack.
You block the soul eater's attack.
You puncture the flayed ghost!
The flayed ghost is almost destroyed.
You block the flying skull's attack. The flying skull closely misses you.
You block the greater mummy's attack. The flayed ghost hits you!
* * * LOW HITPOINT WARNING * * *
Something hits you.
* * * LOW HITPOINT WARNING * * *
The greater mummy hits you but does no damage.
You block the soul eater's attack.
The mummy priest mumbles some strange prayers to its god against you.
Something smites you!
You die...

▓...)©)...▓...©...▓
▓▓▓▓▓▓▓▓▓▓▓▓▓▓▓▓▓▓▓
▓...8©8...▓ ∆∆∆∆∆
▓...:|[...▓ ∆∆∆∆∆
▓...)..|..▓
▓....nz4.V▓
▓...8W.M..▓
▓...{zMZ4.▓
▓..MW@zMW.▓
▓.▓.MM3.▓.▓
▓....©....▓
▓▓▓▓▓▓▓▓▓▓▓ ∆∆
∆∆∆∆∆∆∆∆∆
∆∆∆∆∆∆∆∆∆∆∆∆
∆∆∆∆∆∆∆∆∆∆∆∆


You could see 2 greater mummies, 2 mummy priests, a jiangshi, a soul eater, a
flayed ghost, an orange demon, a hellwing, a guardian mummy, an ushabti, 2
freezing wraiths, a spectral giant cockroach, a necrophage, 2 flying skulls, a
mummy and a wight.

Vanquished Creatures
  A naga mage (D)
  A black mamba (D)
  2 nagas (D)
  2 hell hounds (D)
  A porcupine (D)
  2 floating eyes (D)
  4 water moccasins (D)
  A wolf (D)
  A crocodile (D)
  A bullfrog (D)
  A crimson imp (D)
  2 jellies (D)
  An orc priest (D)
  3 iguanas (D)
  An iron imp (D)
  5 adders (D)
  A white imp (D)
  2 ufetubi (D)
  2 orcs (D)
  A bat zombie (D)
  A jackal (D)
  5 ball pythons (D)
  A quokka zombie (D)
42 creatures vanquished.

Vanquished Creatures (others)
  2 bat zombies (D)
  A ball python zombie (D)
3 creatures vanquished.

Grand Total: 45 creatures vanquished

Notes
Turn   | Place    | Note
-------+----------+-------------------------------------------
     0 | D        | Found the +6 Majin-Bo {vamp, Archmagi MP+6 Int+6}
     0 | D        | Found the +7 great mace "Firestarter" {inner flame, rF++}
     0 | D        | wilfster70 the Gnoll Wanderer began the quest for the Orb.
     0 | D        | wilfster70 set off with: a +2 leather armour, a scroll of teleportation, a potion of lignification, a +0 dagger, a potion of curing, a ration, a potion of heal wounds, a potion of haste, 2 potions of magic, a potion of berserk rage, a scroll of blinking
     0 | D        | Reached XP level 1. HP: 17/17 MP: 1/1
     8 | D        | Found a deep blue altar of Sif Muna.
     8 | D        | Found a bloodstained altar of Trog.
     8 | D        | Found a sacrificial altar of Ru.
     8 | D        | Found a stormy altar of Qazlal.
     8 | D        | Found an iron altar of Okawaru.
    11 | D        | Found a sparkling altar of Nemelex Xobeh.
    13 | D        | Found a corrupted altar of Lugonu.
    13 | D        | Found an ancient bone altar of Kikubaaqudgha.
    13 | D        | Found a burning altar of Makhleb.
    13 | D        | Found a transporter.
    13 | D        | Found a viscous altar of Jiyva.
    13 | D        | Found a hazy altar of Hepliaklqana.
    20 | D        | Found the +9 heavy crossbow "Sniper" {velocity, Acc+∞ SInv}
    20 | D        | Found the +10 dark maul {crush}
    20 | D        | Found the +15 Maxwell's patent armour {-Cast -Tele rElec MR+ rCorr}
    20 | D        | Found the +18 shield of the Gong {rElec rN+ MR+ EV-5}
    20 | D        | Found the cursed +14 obsidian axe {chop, +Fly SInv *Curse}
    21 | D        | Found the +6 shillelagh "Devastator" {shatter}
    21 | D        | Found the +11 plutonium sword {*Contam Stlth-}
    21 | D        | Found the +8 lance "Wyrmbane" {slay drac, rPois rF+ rC+ AC+3}
    21 | D        | Found the +9 sword of Zonguldrok {reap}
    21 | D        | Found the cursed +13 scythe of Curses {drain, *Curse}
    21 | D        | Found the +0 sword of Power
    21 | D        | Found the +4 mace of Variability {chaos}
    21 | D        | Found the +7 Singing Sword
    21 | D        | Found the +7 longbow "Piercer" {penet, EV-2}
    25 | D        | Found an opulent altar of Gozag.
    26 | D        | Found a blossoming altar of Fedhas.
    69 | D        | Reached skill level 7 in Polearms
    69 | D        | Reached skill level 5 in Dodging
    69 | D        | Reached skill level 1 in Conjurations
    69 | D        | Reached skill level 1 in Hexes
    69 | D        | Reached skill level 1 in Charms
    69 | D        | Reached skill level 1 in Summonings
    69 | D        | Reached skill level 1 in Necromancy
    69 | D        | Reached skill level 1 in Translocations
    69 | D        | Reached skill level 1 in Transmutations
    69 | D        | Reached skill level 1 in Fire Magic
    69 | D        | Reached skill level 1 in Ice Magic
    69 | D        | Reached skill level 1 in Air Magic
    69 | D        | Reached skill level 1 in Earth Magic
    69 | D        | Reached skill level 1 in Poison Magic
    69 | D        | Reached XP level 2. HP: 24/24 MP: 1/5
   120 | D        | Became a worshipper of Makhleb the Destroyer
   127 | D        | Entered arena 2.
   127 | D        | Found a transporter.
   130 | D        | Reached XP level 3. HP: 21/30 MP: 7/7
   134 | D        | Reached XP level 4. HP: 27/37 MP: 8/8
   223 | D        | Entered arena 3.
   223 | D        | Found a transporter.
   226 | D        | Reached * piety under Makhleb
   246 | D        | Entered arena 4.
   246 | D        | Noticed a floating eye
   246 | D        | Noticed a floating eye
   246 | D        | Found a transporter.
   249 | D        | Killed a floating eye
   249 | D        | Reached ** piety under Makhleb
   249 | D        | Reached XP level 5. HP: 43/43 MP: 9/11
   250 | D        | Reached skill level 5 in Fighting
   250 | D        | Reached skill level 5 in Shields
   251 | D        | Paralysed by a floating eye for 3 turns
   257 | D        | Reached skill level 8 in Polearms
   257 | D        | Reached XP level 6. HP: 35/51 MP: 9/12
   259 | D        | Killed a floating eye
   259 | D        | Reached skill level 5 in Invocations
   282 | D        | Entered arena 5.
   282 | D        | Noticed a water moccasin
   282 | D        | Found a transporter.
   288 | D        | Reached *** piety under Makhleb
   295 | D        | Killed a water moccasin
   295 | D        | Reached skill level 5 in Short Blades
   295 | D        | Reached skill level 5 in Long Blades
   295 | D        | Reached skill level 5 in Axes
   295 | D        | Reached skill level 5 in Maces & Flails
   295 | D        | Reached skill level 5 in Staves
   295 | D        | Reached skill level 5 in Slings
   295 | D        | Reached skill level 5 in Bows
   295 | D        | Reached skill level 5 in Crossbows
   295 | D        | Reached skill level 5 in Throwing
   295 | D        | Reached skill level 5 in Armour
   295 | D        | Reached skill level 5 in Unarmed Combat
   295 | D        | Reached skill level 5 in Spellcasting
   295 | D        | Reached skill level 5 in Evocations
   295 | D        | Reached XP level 7. HP: 57/57 MP: 14/14
   302 | D        | Entered arena 6.
   302 | D        | Found a transporter.
   308 | D        | Reached **** piety under Makhleb
   319 | D        | Reached ***** piety under Makhleb
   325 | D        | Entered arena 7.
   327 | D        | Found a transporter.
   343 | D        | Reached skill level 9 in Polearms
   347 | D        | Reached skill level 5 in Conjurations
   347 | D        | Reached skill level 5 in Hexes
   347 | D        | Reached skill level 5 in Charms
   347 | D        | Reached skill level 5 in Summonings
   347 | D        | Reached skill level 5 in Necromancy
   347 | D        | Reached skill level 5 in Translocations
   347 | D        | Reached skill level 5 in Transmutations
   347 | D        | Reached skill level 5 in Fire Magic
   347 | D        | Reached skill level 5 in Ice Magic
   347 | D        | Reached skill level 5 in Air Magic
   347 | D        | Reached skill level 5 in Earth Magic
   347 | D        | Reached skill level 5 in Poison Magic
   347 | D        | Reached XP level 8. HP: 48/65 MP: 15/17
   447 | D        | Learned a level 2 spell: Swiftness
   447 | D        | Entered arena 8.
   449 | D        | Found a transporter.
   484 | D        | Entered arena 9.
   485 | D        | Found a transporter.
   493 | D        | Reached ****** piety under Makhleb
   524 | D        | Entered arena 10.
   524 | D        | Noticed a naga mage
   524 | D        | Noticed a black mamba
   525 | D        | Found a transporter.
   538 | D        | Killed a black mamba
   556 | D        | Reached XP level 9. HP: 42/72 MP: 19/19
   560 | D        | Killed a naga mage
   570 | D        | Reached skill level 10 in Polearms
   582 | D        | Got the ring of Compulsion {rN+ Str+4 Int-3 Dex+4 Stlth+}
   586 | D        | Got the amulet "Jaqon" {Harm *Drain rPois rC++ Int-3}
   592 | D        | Got the ring "Miuq" {MP+9 Int+5}
   646 | D        | Entered arena 11.
   646 | D        | Noticed a guardian mummy
   646 | D        | Noticed a greater mummy
   646 | D        | Noticed a greater mummy
   646 | D        | Noticed a mummy priest
   646 | D        | Noticed a mummy priest
   647 | D        | Noticed a flayed ghost
   647 | D        | Noticed a freezing wraith
   647 | D        | Found a transporter.
   656 | D        | Noticed a soul eater
   656 | D        | Noticed an orange demon
   658 | D        | Noticed a hellwing
   659 | D        | Noticed a freezing wraith
   659 | D        | Noticed a jiangshi
   660 | D        | Killed from afar by a mummy priest

Skill      XL: |  1  2  3  4  5  6  7  8  9 |
---------------+----------------------------+-----
Fighting       | 3 4 5 6 7 8 |  8.0
Short Blades   | 2 3 4 5 6 7 |  7.5
Long Blades    | 2 3 4 5 6 7 |  7.5
Axes           | 2 3 4 5 6 7 |  7.5
Maces & Flails | 2 3 4 5 6 7 |  7.5
Polearms       | 7 8 9 10 | 10.0
Staves         | 2 3 4 5 6 7 |  7.5
Slings         | 2 3 4 5 6 7 |  7.5
Bows           | 2 3 4 5 6 7 |  7.5
Crossbows      | 2 3 4 5 6 7 |  7.5
Throwing       | 2 3 4 5 6 7 |  7.5
Armour         | 2 3 4 5 6 7 |  7.5
Dodging        | 5 6 7 8 |  8.9
Stealth        | 6 7 8 9 |  9.6
Shields        | 3 4 5 6 7 8 |  8.0
Unarmed Combat | 2 3 4 5 6 7 |  7.5
Spellcasting   | 2 3 4 5 6 7 |  7.5
Conjurations   | 1 2 3 4 5 6 |  6.2
Hexes          | 1 2 3 4 5 6 |  6.2
Charms         | 1 2 3 4 5 6 |  6.2
Summonings     | 1 2 3 4 5 6 |  6.2
Necromancy     | 1 2 3 4 5 6 |  6.2
Translocations | 1 2 3 4 5 6 |  6.2
Transmutations | 1 2 3 4 5 6 |  6.2
Fire Magic     | 1 2 3 4 5 6 |  6.2
Ice Magic      | 1 2 3 4 5 6 |  6.2
Air Magic      | 1 2 3 4 5 6 |  6.2
Earth Magic    | 1 2 3 4 5 6 |  6.2
Poison Magic   | 1 2 3 4 5 6 |  6.2
Invocations    | 2 3 4 5 6 7 8 |  8.2
Evocations     | 2 3 4 5 6 7 |  7.5

Action                   |  1- 3 |  4- 6 |  7- 9 || total
-------------------------+-------+-------+-------++-------
Melee: Lance             |     6 |    29 |   126 ||   161
       Bite              |     1 |     4 |    18 ||    23
Invok: Lesser Servant of |       |       |     1 ||     1
  Use: Potion            |     1 |       |     3 ||     4
Armor: Gold dragon scale |     1 |    18 |   121 ||   140
Dodge: Dodged            |       |     3 |    39 ||    42
Block: Large shield      |     5 |    27 |   256 ||   288
